 Dungeon Sprint DCSS version 0.31-a0-18-gea43df2a32 (webtiles) character file.

Game seed: 5014155231081056244

4145 sircluck the Brawler (level 10, -7/88 HPs)
             Began as a Troll Berserker on May 10, 2023.
             Was a High Priest of Trog.
             Shot with a bolt by a yaktaur captain (37 damage)
             ... in the Dungeon (Sprint II: "The Violet Keep of Menkaure").
             The game lasted 00:02:54 (482 turns).

sircluck the Brawler (Troll Berserker)               Turns: 482, Time: 00:02:55

Health: -7/88      AC:  4    Str: 31    XL:     10   Next: 7%
Magic:  9/9        EV: 12    Int:  3    God:    Trog [*****.]
Gold:   972        SH:  0    Dex:  9    Spells: 9/9 levels left

rFire   . .          .
                       - Unarmed
rCold   . . .        (no shield)
rNeg    . . .        a - +0 animal skin
rPois   .            (helmet restricted)
rElec   .            (no cloak)
rCorr   .            (gloves unavailable)
SInv    .            (boots unavailable)
Will    .....        (no amulet)
Stlth   +            (no ring)
HPRegen 1.14/turn    (no ring)
MPRegen 0.11/turn

%: no teleportation
@: no status effects
A: large, unfitting armour, claws 3, regeneration 1, shaggy fur 1, tough skin 1,
frail 2, no potion heal 1
a: Renounce Religion, Berserk, Trog's Hand, Brothers in Arms


You were in the Dungeon.
You worshipped Trog.
Trog was extremely pleased with you.
You visited 1 branch You collected 972 gold pieces.

Inventory:

Armour
 a - a +0 animal skin (worn)
Scrolls
 g - a scroll of blinking
Potions
 b - 2 potions of curing
 d - a potion of haste
 e - 2 potions of magic
 f - a potion of berserk rage


   Skills:
 + Level 10.8 Fighting
 + Level 10.4 Dodging
 + Level 0.5 Stealth
 + Level 16.5 Unarmed Combat


You had 9 spell levels left.
You didn't know any spells.
Your spell library was empty.

Dungeon Overview and Level Annotations

Branches:
Dungeon (1/1)

Altars:

Shops:
D :[!!![=:*=(?[?(

Annotations:
D exclusion: oklob plant, Kirke, Roxanne


Innate Abilities, Weirdness & Mutations

You are too large for most types of armour.
You have claws for hands.
Your natural rate of healing is unusually fast.
You are covered in fur. (AC +1)
You have tough skin. (AC +1)
You are very frail. (-20% HP)
Potions are less effective at restoring your health.


Message History

This gate is marked as excluded!
Open it anyway? [Y]es or [N]o only, please.
This gate is marked as excluded!
Open it anyway?
Okay, then.
Really walk into a travel-excluded area?
You are engulfed in a cloud of scalding steam.
Really walk into a travel-excluded area? [Y]es or [N]o only, please.
Really walk into a travel-excluded area? [Y]es or [N]o only, please.
Really walk into a travel-excluded area?
Why would you want to do that? Why would you want to do that?
Really walk into a travel-excluded area? [Y]es or [N]o only, please.
Really walk into a travel-excluded area? [Y]es or [N]o only, please.
Really walk into a travel-excluded area?
Marking area around Roxanne as unsafe for travelling.
Kirke, a skeletal warrior and a yaktaur captain come into view.
Kirke shouts!
The yaktaur captain shouts!
You hear a trumpeting!
Kirke splashes a potion.
Kirke mumbles some strange words.
Kirke flickers and vanishes!
Deactivating autopickup; reactivate with Ctrl-A.
A kobold demonologist comes into view. It is wielding a +0 dagger.
The yaktaur captain wields a +0 arbalest.
The yaktaur captain shoots a bolt.
The bolt hits you!!
The kobold demonologist shouts!
A centaur warrior comes into view.
An elephant comes into view.
The yaktaur captain shoots a bolt.
The bolt hits you!
You enter the shallow water.
The yaktaur captain shoots a bolt.
The bolt barely misses you.
The yaktaur captain shoots a bolt.
The bolt hits you!!
* * * LOW HITPOINT WARNING * * *
You hear a shout!
Unknown command.
Your system partially rejects the healing.
You feel much better.
The yaktaur captain shoots a bolt.
The bolt hits you!!!
You die...

####+#### ##~.~.§§~##
##..~~§~.§.## ##
+..~~~8~~~..#
c.Y####.~~~~~~.. .z.c##
~~..~
############~~#+++#+++##
###########@~~.........#
##....∩.∩.#~~~~.##+##..#
##...∩.∩..#~~~~##..###.####
##..∩.∩...#~~~~#..##.#....#
##.⌠.∩....#~~####.#.####..##
##..∩.∩...#~##.###'###.##..#
##.....∩..#~#.#.##.##.#.#..#
##....∩.∩.'~'##.'.<.'###+..#
##.....∩.∩#~##..##.##.#.#...


You could see a yaktaur captain.

Vanquished Creatures
  2 boulder beetles (D)
  12 flying skulls (D)
  2 wyverns (D)
  4 neqoxecs (D)
  A vampire mosquito (D)
  Menkaure (D)
  A water moccasin (D)
  3 worms (D)
26 creatures vanquished.

Notes
Turn   | Place    | Note
-------+----------+-------------------------------------------
     0 | D        | sircluck the Troll Berserker began the quest for the Orb.
     0 | D        | Reached XP level 1. HP: 22/22 MP: 0/0
    14 | D        | Reached ** piety under Trog
    15 | D        | Reached XP level 2. HP: 30/31 MP: 1/1
    28 | D        | Noticed a neqoxec
    28 | D        | Noticed a neqoxec
    28 | D        | Noticed a neqoxec
    28 | D        | Noticed a neqoxec
    32 | D        | Gained mutation: You are frail. (-10% HP) [a neqoxec]
    33 | D        | Killed a neqoxec
    34 | D        | Reached skill level 5 in Fighting
    34 | D        | Reached skill level 5 in Dodging
    34 | D        | Reached skill level 7 in Unarmed Combat
    34 | D        | Reached XP level 3. HP: 37/37 MP: 2/2
    34 | D        | Reached XP level 4. HP: 45/45 MP: 3/3
    34 | D        | Reached XP level 5. HP: 51/51 MP: 4/4
    35 | D        | Gained mutation: You have hidden genetic defects. [a
                  | neqoxec]
    38 | D        | Killed a neqoxec
    39 | D        | Reached skill level 8 in Unarmed Combat
    39 | D        | Reached XP level 6. HP: 61/61 MP: 5/5
    42 | D        | Killed a neqoxec
    42 | D        | Reached *** piety under Trog
    43 | D        | Reached skill level 9 in Unarmed Combat
    50 | D        | Killed a neqoxec
    51 | D        | Reached skill level 10 in Unarmed Combat
    51 | D        | Reached XP level 7. HP: 61/70 MP: 6/6
    56 | D        | Gained mutation: You are very frail. (-20% HP) [hidden
                  | defects]
   112 | D        | Noticed a boulder beetle
   112 | D        | Noticed a boulder beetle
   116 | D        | Noticed a wyvern
   116 | D        | Noticed a wyvern
   121 | D        | Killed a wyvern
   122 | D        | Reached skill level 11 in Unarmed Combat
   123 | D        | Killed a wyvern
   182 | D        | Killed a boulder beetle
   183 | D        | Reached skill level 12 in Unarmed Combat
   183 | D        | Reached XP level 8. HP: 73/73 MP: 7/7
   184 | D        | Gained mutation: Potions are less effective at restoring
                  | your health. [hidden defects]
   184 | D        | Lost mutation: You have hidden genetic defects. [hidden
                  | defects expressed]
   194 | D        | Killed a boulder beetle
   194 | D        | Reached **** piety under Trog
   195 | D        | Reached skill level 13 in Unarmed Combat
   195 | D        | Reached XP level 9. HP: 6/80 MP: 8/8
   258 | D        | Found Ablaawk's Antique Weapon Shop.
   259 | D        | Found Keip's Magic Scroll Boutique.
   259 | D        | Found Loon Doa's Antique Weapon Shop.
   259 | D        | Found Zeteid's Book Boutique.
   259 | D        | Found Meripp's Distillery.
   259 | D        | Found Kizenwuj's Jewellery Shop.
   259 | D        | Found Vairarod's Jewellery Shop.
   259 | D        | Found Belaewkoi's Distillery.
   259 | D        | Found Foschaun's Antique Armour Shop.
   259 | D        | Found Pooggiesso's Antique Armour Boutique.
   260 | D        | Found Dyrphohi's Distillery.
   260 | D        | Found Katype's Antique Armour Boutique.
   260 | D        | Noticed a polar bear
   261 | D        | Found Lachoure's Magic Scroll Boutique.
   261 | D        | Found Ynelesel's Assorted Antiques.
   262 | D        | Noticed Menkaure
   262 | D        | Noticed a polar bear
   262 | D        | Noticed an oklob plant
   268 | D        | Killed Menkaure
   269 | D        | Reached skill level 14 in Unarmed Combat
   271 | D        | Noticed a death yak
   272 | D        | Found Hikaev's Book Shoppe.
   365 | D        | Reached skill level 10 in Fighting
   366 | D        | Reached ***** piety under Trog
   368 | D        | Reached skill level 15 in Unarmed Combat
   378 | D        | Reached skill level 10 in Dodging
   389 | D        | Identified the +10 dagger of the Unkillable {heavy, Str+5}
                  | (Trog gifted it to you in the Dungeon)
   389 | D        | Received a gift from Trog
   390 | D        | Reached skill level 16 in Unarmed Combat
   397 | D        | Reached XP level 10. HP: 54/88 MP: 9/9
   473 | D        | Identified Roxanne's Grimoire of the Shift
   473 | D        | Noticed Roxanne
   476 | D        | Noticed Kirke
   476 | D        | Noticed a skeletal warrior
   476 | D        | Noticed a yaktaur captain
   478 | D        | Noticed a centaur warrior
   478 | D        | Noticed an elephant
   482 | D        | Shot with a bolt by a yaktaur captain

Illustrated notes

Levels and vault maps discovered:
D:        the_violet_keep_of_menkaure [sprint2_stairs_cluster_1,
          sprint2_shoproom, sprint2_temple, sprint2_basic_supplies,
          sprint2_obstacle_1, sprint2_obstacle_3, sprint2_obstacle_6,
          sprint2_obstacle_7, sprint2_obstacle_4, sprint2_timed_cluster_1,
          sprint2_smallroom_cluster_1, sprint2_smallroom_final_cluster_1,
          sprint2_transparent_cluster_1, sprint2_second_timed_cluster_1,
          sprint2_sniper_area_1, sprint2_heavy_combat_area_1,
          sprint2_mutation_trap_area_1, sprint2_forest_area_1,
          sprint2_light_combat_area_1, sprint2_behind_water_1,
          sprint2_near_end_vault_1]

Skill      XL: |  1  2  3  4  5  6  7  8  9 |
---------------+----------------------------+-----
Fighting       | 3 5 6 7 9 10 | 10.8
Dodging        | 3 5 6 7 8 9 10 | 10.4
Unarmed Combat | 7 8 10 12 13 16 | 16.5
Stealth        | |  0.5

Action                     |  1- 3 |  4- 6 |  7- 9 | 10-12 || total
---------------------------+-------+-------+-------+-------++-------
  Melee: Unarmed           |    12 |    15 |    56 |     4 ||    87
         Punch             |     1 |     1 |     1 |       ||     3
 Invoke: Berserk           |     1 |       |     3 |       ||     4
    Use: Potion            |       |       |       |     1 ||     1
 Armour: Animal skin       |       |     2 |     4 |       ||     6
  Dodge: Dodged            |     1 |     6 |    28 |     2 ||    37

Table legend: (Time is in decaauts)
 A = Elapsed time spent in this place.
 B = Non-inter-level travel time spent in this place.
 C = Inter-level travel time spent in this place.
 D = Time resting spent in this place.
 E = Time spent auto-exploring this place.
 F = Levels seen in this place.
 G = Mean time per level.
                   A        B        C        D        E       F      G
               +--------+--------+--------+--------+--------+-----+--------+
         Total |    489 |    431 |     58 |    203 |     37 |   1 |  489.0 |
       Dungeon |    489 |    431 |     58 |    203 |     37 |   1 |  489.0 |
               +--------+--------+--------+--------+--------+-----+--------+

Top non-repeatable levels by time:
       D: 489 daAuts
